AoeStats
← SaulGoodman69

Arena

505606250Analyzed
4v4 RM · 20d ago on Sep 10, 2026· 38m 27s· 8 players
Game mode
Random Map
Map size
Large (8 player)
Population
200
Speed
Normal
Resources
Standard
Victory
Conquest
Starting age
Dark Age
Ending age
Imperial Age
RankedLock teamsTeams togetherTeam positionsShared explorationLock speedFull tech treeHidden civsTurbo modeCheats
Victory
Defeat
🇨🇳 Persians · China
1150
+15
🇺🇸 Khmer · United States
1141
+16
🇨🇳 Mongols · China
1129
+16
🇨🇱 Sicilians · Chile
1121
+17
1162
-17
🇨🇳 Cumans · China
1160
-17
🇮🇳 Poles · India
1112
-15
🇺🇸 Wei · United States
1108
-15
shaggy
10:30 Feudal Age
13:42 Castle Age
11:58 Double-Bit Axe
12:09 Horse Collar
15:02 Bow Saw
15:27 Heavy Plow
20:42 Loom
21:37 Wheelbarrow
24:26 Gold Mining
24:57 Hand Cart
27:21 Imperial Age
27:23 Bloodlines
28:14 Husbandry
28:33 Scale Barding Armor
29:19 Forging
29:35 Chain Barding Armor
31:00 Plate Barding Armor
31:01 Iron Casting
31:11 Iron Casting
31:32 Conscription
31:30 Elite Battle Elephant
33:43 Blast Furnace
33:30 Capped Ram
38:08 Tusk Swords
big niao
8:02 Feudal Age
8:46 Horse Collar
8:52 Double-Bit Axe
16:47 Castle Age
15:04 Stone Mining
16:13 Gold Mining
17:59 Wheelbarrow
22:30 Heavy Plow
23:11 Bow Saw
29:38 Imperial Age
27:57 Fletching
28:08 Padded Archer Armor
28:10 Husbandry
28:21 Bloodlines
28:45 Nomads
28:55 Bodkin Arrow
29:25 Ballistics
29:52 Thumb Ring
30:05 Leather Archer Armor
30:51 Conscription
30:58 Hand Cart
31:22 Bracer
32:36 Elite Mangudai
33:47 Drill
35:41 Parthian Tactics
36:19 Chemistry
35:26 Siege Engineers
34:51 Capped Ram
36:35 Siege Ram
SaulGoodman69
9:43 Feudal Age
8:32 Loom
11:21 Wheelbarrow
11:03 Double-Bit Axe
11:57 Horse Collar
18:19 Castle Age
19:39 Hand Cart
19:29 Scale Mail Armor
22:38 Bow Saw
22:51 Fletching
23:01 Padded Archer Armor
27:26 Chain Mail Armor
27:22 Forging
27:55 Bodkin Arrow
28:15 Leather Archer Armor
29:26 Leather Archer Armor
29:47 Iron Casting
29:45 Squires
29:31 Arson
29:32 Gambesons
30:59 Ballistics
30:35 Murder Holes
30:51 Masonry
34:54 Imperial Age
34:44 Pikeman
36:49 Blast Furnace
37:23 Chemistry
36:16 Halberdier
38:48 Plate Mail Armor
38:41 Heavy Plow
12014665
8:38 Loom
10:50 Feudal Age
9:25 Loom
14:47 Castle Age
12:54 Horse Collar
24:20 Wheelbarrow
26:24 Heavy Plow
26:14 Double-Bit Axe
30:45 Imperial Age
28:41 Bloodlines
29:35 Hand Cart
29:55 Hand Cart
29:50 Scale Barding Armor
30:03 Bow Saw
30:19 Gold Mining
30:21 Stone Mining
31:17 Heavy Camel Rider
31:57 Husbandry
31:26 Light Cavalry
32:30 Forging
33:00 Gold Shaft Mining
32:16 Town Watch
34:57 Two-Man Saw
34:33 Chain Barding Armor
35:05 Iron Casting
35:49 Plate Barding Armor
35:48 Scale Mail Armor
35:39 Fletching
36:32 Stone Shaft Mining
36:30 Conscription
37:20 Chemistry
36:16 Hussar
37:34 Town Patrol
38:47 Blast Furnace
38:40 Crop Rotation
I like sheep
11:55 Feudal Age
15:56 Castle Age
14:15 Double-Bit Axe
14:49 Horse Collar
22:24 Husbandry
23:42 Wheelbarrow
23:22 Scale Barding Armor
24:03 Bow Saw
24:49 Heavy Plow
27:37 Chain Barding Armor
27:27 Forging
28:08 Stone Mining
28:53 Bloodlines
29:53 Iron Casting
33:19 Imperial Age
31:14 Gold Mining
31:42 Hand Cart
31:49 Hand Cart
33:27 Stone Shaft Mining
33:26 Szlachta Privileges
33:24 Cavalier
33:40 Pikeman
35:41 Conscription
36:44 Blast Furnace
37:14 Scale Mail Armor
矮脚虎王英
10:48 Feudal Age
14:25 Castle Age
12:37 Double-Bit Axe
13:03 Horse Collar
21:03 Bow Saw
21:17 Heavy Plow
21:44 Loom
23:28 Gold Mining
24:41 Wheelbarrow
23:58 Fletching
26:47 Gold Shaft Mining
30:13 Imperial Age
28:18 Thumb Ring
28:33 Bodkin Arrow
28:38 Padded Archer Armor
29:04 Ballistics
28:49 Town Watch
29:36 Husbandry
29:46 Bloodlines
31:23 Parthian Tactics
31:25 Ming Guang Armor
31:01 Tuntian
31:48 Pikeman
32:51 Halberdier
33:38 Scale Mail Armor
34:06 Squires
34:59 Town Patrol
kiyohime
1:58 Loom
9:40 Feudal Age
10:50 Double-Bit Axe
10:52 Horse Collar
12:16 Wheelbarrow
19:38 Gold Mining
23:18 Castle Age
22:58 Scale Barding Armor
23:04 Forging
24:28 Heavy Plow
25:42 Hand Cart
25:40 Bow Saw
26:10 Gold Shaft Mining
26:04 Chain Barding Armor
26:20 Iron Casting
27:33 Stone Mining
27:21 Capped Ram
30:59 Imperial Age
28:48 Light Cavalry
29:43 Bloodlines
32:17 Crop Rotation
32:52 Two-Man Saw
32:35 Plate Barding Armor
33:01 Blast Furnace
31:25 Cavalier
33:13 Paladin
34:23 Guilds
35:37 Conscription
觀陣圖~掌兵勢~將相之才
11:09 Feudal Age
14:35 Castle Age
13:08 Horse Collar
14:20 Double-Bit Axe
21:42 Forging
24:05 Wheelbarrow
23:44 Bow Saw
24:59 Loom
30:20 Imperial Age
27:38 Town Watch
29:07 Hand Cart
29:29 Iron Casting
29:36 Ballistics
32:58 Chemistry
32:09 Masonry
32:13 Fortified Wall
32:13 Masonry
32:43 Gold Mining
32:44 Stone Mining
33:56 Two-Man Saw
32:47 Fletching
33:02 Padded Archer Armor
33:23 Crossbowman
Connection lost

Rejoining the realm…

Still unreachable

The connection could not be restored.

Session expired

The server has moved on; the page needs a fresh start.